 Dungeon Crawl Stone Soup version 0.21.1-1-g345015fe64 (webtiles) character file.

105 Naru the Firebug (level 4, -9/24 HPs)
             Began as a Deep Elf Fire Elementalist on June 9, 2018.
             Mangled by an ogre
             ... wielding a +0 giant club
              (11 damage)
             ... on level 2 of the Dungeon.
             The game lasted 00:13:01 (2183 turns).

Naru the Firebug (Deep Elf Fire Elementalist)       Turns: 2183, Time: 00:13:01

Health: -9/24      AC:  2    Str:  5    XL:     4   Next: 53%
Magic:  10/12      EV: 13    Int: 21    God:
Gold:   88         SH:  0    Dex: 15    Spells: 8/11 levels left

rFire    . . .     SeeInvis .   e - +0 dagger
rCold    . . .     Gourm    .   (no shield)
rNeg     . . .     Faith    .   a - +0 robe
rPois    .         Spirit   .   (no helmet)
rElec    .         Reflect  .   (no cloak)
rCorr    .         Harm     .   (no gloves)
MR       +....                  (no boots)
Stlth    ++........             (no amulet)
HPRegen  0.08/turn              h - ring of protection from magic
MPRegen  0.13/turn              (no ring)

@: no status effects
A: no striking features
a: no special abilities


You were on level 2 of the Dungeon.
You were hungry.

You visited 1 branch of the dungeon, and saw 2 of its levels.

You collected 88 gold pieces.

Inventory:

Hand Weapons
 e - a +0 dagger (weapon)
Missiles
 k - 38 stones (quivered)
Armour
 a - a +0 robe (worn)
 g - a +0 leather armour
Jewellery
 h - a ring of protection from magic (left hand)
 i - a cursed amulet of inaccuracy {unknown}
 l - a +5 ring of intelligence {unknown}
Scrolls
 f - a scroll of amnesia
 o - a scroll of identify
 p - a scroll of remove curse
Potions
 d - a potion of ambrosia
 j - a potion of berserk rage {unknown}
 m - a potion of curing {unknown}
 n - 2 potions of magic {unknown}
Books
 b - a book of Flames

   Spells                             Type                      Level
   a - Flame Tongue                   Conjuration/Fire             1
   b - Throw Flame                    Conjuration/Fire             2
   c - Conjure Flame                  Conjuration/Fire             3
   d - Inner Flame                    Hexes/Fire                   3
   e - Sticky Flame                   Conjuration/Fire             4
   f - Fireball                       Conjuration/Fire             5
Comestibles
 c - 4 rations


   Skills:
 + Level 0.2 Short Blades
 * Level 2.9 Dodging
 * Level 3.1 Stealth
 * Level 4.1 Spellcasting
 - Level 1.1 Conjurations
 * Level 4.8 Fire Magic


You had 8 spell levels left.
You knew the following spells:

 Your Spells              Type           Power        Failure   Level  Hunger
a - Flame Tongue          Conj/Fire      ###..        3%          1    None
b - Throw Flame           Conj/Fire      ###...       5%          2    #......


Dungeon Overview and Level Annotations

Branches:
Dungeon (2/15)

Altars:


Message History

Press: ? - help, Shift-Dir - straight line, f/p - ogre
Aim: an ogre, wielding a giant club (lightly wounded)
The puff of flame hits the leopard gecko.
The leopard gecko is heavily wounded.
The leopard gecko closely misses you.
Casting: Throw Flame
Confirm with . or Enter, or press ? or * to list all spells.
Aiming: Throw Flame
Press: ? - help, Shift-Dir - straight line, f/p - ogre
Aim: an ogre, wielding a giant club (lightly wounded)
The puff of flame hits the leopard gecko.
You kill the leopard gecko!
The ogre barely misses you. The ogre hits you with a giant club!
Your magical contamination has completely faded away.
The ogre hits you with a giant club!
Ouch! That really hurt!
* * * LOW HITPOINT WARNING * * *
The ogre hits you with a giant club!
You die...

#.).........# .
#...........# ####
#...........## #..#
#...........##.#..'
#.#...........##.#'##
#.#.###.########.....
#>#.# #.# #.#'##
##.#.###.### #.#..#
#....@.....# # #.['
#..)..O....# #.####
#..........# #.....
#.(..รท.)...# #.####
#..........# # #..#
#..........# #.#..'
#..........# #.#'##
#..........# #.....
#..........# #.#'##


You could see an ogre.

Vanquished Creatures
  A gnoll (D:1)
  3 adders (D:2)
  An ooze (D:2)
  3 worms (D:2)
  2 dart slugs
  2 leopard geckos (D:2)
  A giant cockroach (D:2)
  10 goblins
  6 hobgoblins
  A jackal (D:2)
  8 kobolds
  3 bats (D:1)
  2 frilled lizards
  6 rats (D:1)
49 creatures vanquished.

Notes
Turn   | Place    | Note
-------+----------+-------------------------------------------
     0 | D:1      | Naru the Deep Elf Fire Elementalist began the quest for the Orb.
     0 | D:1      | Reached XP level 1. HP: 10/10 MP: 6/6
   266 | D:1      | Reached XP level 2. HP: 15/15 MP: 5/8
   743 | D:1      | Reached XP level 3. HP: 12/19 MP: 3/10
  1225 | D:1      | Learned a level 2 spell: Throw Flame
  1578 | D:2      | Reached XP level 4. HP: 24/24 MP: 6/11
  2131 | D:2      | Noticed an ogre
  2173 | D:2      | HP: 1/24 [ogre/giant club (13)]
  2183 | D:2      | Mangled by an ogre

Skill      XL: |  1  2  3  4 |
---------------+-------------+-----
Fire Magic     | 4 |  4.8
Stealth        | 3 |  3.1
Spellcasting   | 4 |  4.1
Short Blades   | |  0.2
Dodging        | |  2.9
Conjurations   | |  1.1

Action                   |  1- 3 |  4- 6 || total
-------------------------+-------+-------++-------
Melee: Club              |    10 |       ||    10
       Dagger            |     1 |     6 ||     7
Throw: Stone             |     2 |       ||     2
 Cast: Flame Tongue      |    58 |     9 ||    67
       Throw Flame       |       |    20 ||    20
  Use: Scroll            |     5 |       ||     5
  Eat: Ration            |     1 |       ||     1
Armor: Robe              |     3 |       ||     3
Dodge: Dodged            |    26 |    14 ||    40
